 Dungeon Crawl Stone Soup version 0.14.0-26-g1682e81 (webtiles) character file.

155 Heini the Skirmisher (level 4, -11/41 HPs)
             Began as a Hill Orc Fighter on Apr 27, 2014.
             Was an Initiate of Okawaru.
             Mangled by a gnoll
             ... wielding a +0,+0 halberd
              (14 damage)
             ... on Level 2 of the Dungeon.
             The game lasted 00:03:15 (1140 turns).

Heini the Skirmisher (Hill Orc Fighter)             Turns: 1140, Time: 00:03:15

HP -11/41        AC  7     Str 19      XL: 4   Next: 91%
MP   4/4         EV  6     Int  8      God: Okawaru [......]
Gold 45          SH 18     Dex 10      Spells:  0 memorised,  3 levels left

rFire  . . .     SeeInvis .     a - +0 war axe
rCold  . . .     Clarity  .     b - +0 scale mail
rNeg   . . .     Conserve .     c - +0 shield
rPois  .         rCorr    .     (no helmet)
rElec  .         rRot     .     (no cloak)
SustAb . .       Spirit   .     (no gloves)
rMut   .         Warding  .     (no boots)
Saprov + . .     Stasis   .     (no amulet)
MR     .....                    (no ring)
                                (no ring)

@: not resistant to hostile enchantments, extremely unstealthy
A: saprovore 1
a: Renounce Religion


You were on level 2 of the Dungeon.
You worshipped Okawaru.
Okawaru was noncommittal.
You were not hungry.

You visited 1 branch of the dungeon, and saw 3 of its levels.

You collected 45 gold pieces.

Inventory:

Hand weapons
 a - a +0,+0 war axe (weapon)
Armour
 b - a +0 scale mail (worn)
 c - a +0 shield (worn)
Comestibles
 d - 2 meat rations
 h - 3 bread rations
 j - 2 pears
 l - a rotting chunk of jackal flesh
Scrolls
 f - a scroll of blinking
 m - a scroll of immolation {unknown}
 n - 2 scrolls of identify {unknown}
Potions
 e - a potion of might
 g - 2 potions of brilliance {unknown}
 i - 3 potions of curing {unknown}
 k - a potion of restore abilities {unknown}


   Skills:
 * Level 4.8 Fighting
 * Level 3.6 Axes
 * Level 4.4 Armour
 - Level 3.5 Shields


You had 3 spell levels left.
You didn't know any spells.

Dungeon Overview and Level Annotations

Branches:
Dungeon (3/15)

Altars:
Okawaru
Xom


Innate Abilities, Weirdness & Mutations

You can tolerate rotten meat.


Message History

You block the gnoll's attack.
You barely miss the gnoll. The gnoll closely misses you.
The gnoll hits you with a whip!
You closely miss the gnoll.
The gnoll hits you from afar with a halberd!
The gnoll hits you with a whip.
* * * LOW HITPOINT WARNING * * *
You slash the gnoll!
The gnoll is severely wounded.
You block the gnoll's attack. x2
The gnoll hits you with a whip!
* * * LOW HITPOINT WARNING * * *
You slash the gnoll!
You kill the gnoll!
Okawaru accepts your kill. The gnoll closely misses you.
Drink which item? (? for menu, Esc to quit)
Okay, then.
The gnoll hits you from afar with a halberd!
You die...

#......# #...# ###.##.#
#...# ####.##.##...##...#
#....##.##...######
#.#####.##...# #.#
#.##...# #.# #.##...# #.#
###'##...#####
###'###..@.........#####
#....##..................
#....##..g..............
#....##..................
#........g.........#####
##....%............#
#.................#######
#........................
#........................


You could see 2 gnolls.

Vanquished Creatures
  An orc wizard (D:3)
  An adder (D:2)
  3 gnolls
  A worm (D:2)
  2 giant geckos (D:1)
  2 orcs (D:3)
  3 bats (D:1)
  2 goblins
  5 hobgoblins
  2 jackals (D:3)
  A ball python (D:1)
  3 giant cockroaches
  6 giant newts
  4 kobolds
  4 rats
40 creatures vanquished.

Notes
Turn   | Place    | Note
--------------------------------------------------------------
     0 | D:1      | Heini, the Hill Orc Fighter, began the quest for the Orb.
     0 | D:1      | Reached XP level 1. HP: 19/19 MP: 1/1
    83 | D:1      | Reached skill level 4 in Fighting
    83 | D:1      | Reached XP level 2. HP: 17/27 MP: 2/2
   276 | D:1      | Reached XP level 3. HP: 24/33 MP: 3/3
   647 | D:2      | Found an iron altar of Okawaru.
   665 | D:2      | Became a worshipper of Warmaster Okawaru
   752 | D:2      | Found a shimmering altar of Xom.
   757 | D:2      | Found a shimmering altar of Xom.
   758 | D:2      | Found a shimmering altar of Xom.
   767 | D:2      | Found a shimmering altar of Xom.
   768 | D:2      | Found a shimmering altar of Xom.
   770 | D:2      | Found a shimmering altar of Xom.
   778 | D:2      | You fall through a shaft!
   806 | D:3      | Reached XP level 4. HP: 22/41 MP: 4/4
  1127 | D:2      | HP: 2/41 [gnoll/whip (7)]
  1140 | D:2      | Mangled by a gnoll

Action                   |  1- 3 |  4- 6 || total
-------------------------+-------+-------++-------
Melee: War axe           |   109 |    28 ||   137
  Use: Scroll            |     3 |       ||     3
